 Dungeon Crawl Stone Soup version 0.26-a0-642-g67e99244d3 (webtiles) character file.

Game seed: 16657496568491967098

46 Gargoyl the Skirmisher (level 3, -8/35 HPs)
             Began as a Gnoll Abyssal Knight on Sept 23, 2020.
             Was an Initiate of Lugonu.
             Mangled by Terence
             ... wielding a cursed +0 mace
              (11 damage)
             ... on level 2 of the Dungeon.
             The game lasted 00:01:55 (1769 turns).

Gargoyl the Skirmisher (Gnoll Abyssal Knight)       Turns: 1769, Time: 00:01:56

Health: -8/35      AC:  3    Str: 15    XL:     3   Next: 66%
Magic:  6/6        EV: 12    Int: 14    God:    Lugonu [......]
Gold:   61         SH:  0    Dex: 14    Spells: 3/3 levels left

rFire    . . .     SeeInvis .   a - +2 hand axe
rCold    . . .     Faith    .   (no shield)
rNeg     . . .     Spirit   .   b - +0 leather armour
rPois    .         Reflect  .   (no helmet)
rElec    .         Harm     .   (no cloak)
rCorr    .         Rampage  .   (no gloves)
MR       .....                  (no boots)
Stlth    +.........             (no amulet)
HPRegen  0.11/turn              (no ring)
MPRegen  0.10/turn              (no ring)

@: no status effects
A: distributed training, fangs 1, strong nose
a: Renounce Religion


You were on level 2 of the Dungeon.
You worshipped Lugonu.
Lugonu was noncommittal.
You visited 1 branch of the dungeon, and saw 2 of its levels.
You visited the Abyss 1 time.

You collected 61 gold pieces.

Inventory:

Hand Weapons
 a - a +2 hand axe (weapon)
Armour
 b - a +0 leather armour (worn)
Scrolls
 d - 4 scrolls of identify {unknown}
 e - 2 scrolls of enchant armour {unknown}
 g - a scroll of teleportation {unknown}
Potions
 c - a potion of resistance
 f - a potion of stabbing {unknown}


   Skills:
 + Level 6.5 Fighting
 + Level 0.9 Short Blades
 + Level 0.9 Long Blades
 + Level 4.5 Axes
 + Level 0.9 Maces & Flails
 + Level 0.9 Polearms
 + Level 0.9 Staves
 + Level 0.9 Slings
 + Level 0.9 Bows
 + Level 0.9 Crossbows
 + Level 0.9 Throwing
 + Level 4.5 Armour
 + Level 2.6 Dodging
 + Level 0.9 Stealth
 + Level 0.9 Shields
 + Level 0.9 Unarmed Combat
 + Level 0.9 Spellcasting
 + Level 0.6 Conjurations
 + Level 0.6 Hexes
 + Level 0.6 Summonings
 + Level 0.6 Necromancy
 + Level 0.6 Translocations
 + Level 0.6 Transmutations
 + Level 0.6 Fire Magic
 + Level 0.6 Ice Magic
 + Level 0.6 Air Magic
 + Level 0.6 Earth Magic
 + Level 0.6 Poison Magic
 + Level 4.6 Invocations
 + Level 0.9 Evocations


You had 3 spell levels left.
You didn't know any spells.
Your spell library was empty.

Dungeon Overview and Level Annotations

Branches:
Dungeon (2/15)

Altars:

Annotations:
D:2 Terence


Innate Abilities, Weirdness & Mutations

Your experience applies equally to all skills.
You have very sharp teeth.
Your uncanny sense of smell can sniff out nearby items.


Message History

Lugonu accepts your kill.
You see here a frilled lizard corpse.
Terence the Incautious comes into view.
He is wielding a +0 mace.
Terence is nearby!
Terence drinks a potion.
Terence seems to grow stronger.
Terence hits you with a cursed +0 mace.
You hit Terence but do no damage. You bite Terence, but do no damage.
Terence hits you with a cursed +0 mace!
You hit Terence but do no damage. Terence hits you with a cursed +0 mace!
You slash Terence!
Terence is heavily wounded.
Terence hits you with a cursed +0 mace!
* * * LOW HITPOINT WARNING * * *
You hit Terence.
Terence is severely wounded.
Terence misses you.
You hit Terence but do no damage. You bite Terence, but do no damage.
Terence is severely wounded.
Terence hits you with a cursed +0 mace!
You die...

#. #. #. ########### #.
#.........# #.
#####.#######.#
#.####..@@.....# #.#
...###.#.##.###.###.# #.#
#......<#.#.# #.# #.# #.#
...##..###..###.# #.# #†#
....## ##.....# #.# #.#
####..###..##### #.# #.#
.#######..#.#.# #####.###.#
...........##.###.........#
#.###.............†...#####


You could see Terence (strong).

Vanquished Creatures
  A gnoll (D:1)
  A worm (D:2)
  2 dart slugs
  4 leopard geckos
  A giant cockroach (D:1)
  2 goblins (D:1)
  3 hobgoblins (D:1)
  A kobold (D:1)
  A ball python (D:1)
  6 bats (D:1)
  A frilled lizard (D:2)
  2 rats
25 creatures vanquished.

Notes
Turn   | Place    | Note
-------+----------+-------------------------------------------
     0 | Abyss:1  | Gargoyl the Gnoll Abyssal Knight began the quest for the
                  | Orb.
     0 | Abyss:1  | Reached XP level 1. HP: 23/23 MP: 3/3
     9 | Abyss:1  | Found a corrupted altar of Lugonu.
    70 | Abyss:1  | Noticed a ynoxinul
    76 | Abyss:1  | Noticed a thrashing horror
    79 | Abyss:1  | Noticed a ynoxinul
    82 | D:1      | Escaped the Abyss
   428 | D:1      | Reached XP level 2. HP: 25/29 MP: 5/5
   879 | D:1      | Reached XP level 3. HP: 35/35 MP: 6/6
   940 | D:1      | Reached * piety under Lugonu
  1761 | D:2      | Noticed Terence
  1769 | D:2      | Mangled by Terence

Illustrated notes

Levels and vault maps discovered:
D:1:      onia_arrival_pyramid, layout_basic, st_stairs_9
D:2:      minmay_spotlight, layout_loops_ring, nicolae_overflow_crystal_walls,
          lemuel_blue_sif_altar, kiku_gazebo_pond_becter, uniq_terence,
          uniq_natasha

Action                   || total
-------------------------++-------
Melee: Hand axe          ||    82
       Bite              ||    10
Invok: Depart the Abyss  ||     1
  Use: Scroll            ||     1
       Potion            ||     1
Armor: Leather armour    ||    23
Dodge: Dodged            ||    58

Table legend: (Time is in decaauts)
 A = Elapsed time spent in this place.
 B = Non-inter-level travel time spent in this place.
 C = Inter-level travel time spent in this place.
 D = Time resting spent in this place.
 E = Time spent auto-exploring this place.
 F = Levels seen in this place.
 G = Mean time per level.
                   A        B        C        D        E       F      G
               +--------+--------+--------+--------+--------+-----+--------+
         Total |   1775 |   1763 |     12 |    164 |   1349 |   3 |  591.7 |
       Dungeon |   1693 |   1681 |     12 |    164 |   1280 |   2 |  846.5 |
         Abyss |     82 |     82 |      0 |      0 |     69 |   1 |   82.0 |
               +--------+--------+--------+--------+--------+-----+--------+

Top non-repeatable levels by time:
     D:1: 1257 daAuts
     D:2: 435 daAuts
 Abyss:1: 82 daAuts
